Map: Sang chaud EC

Players

zidar - Winner!

  • Race: Zerg Zerg
  • League: Gold
  • Spawn Location: 11:00

DwarfHeretic

  • Race: Terran Terran
  • League: Gold
  • Spawn Location: 5:00

VOD

Have the link to the VOD?

Description

Time

  • Played on: July 4, 2017, 12:11 p.m.
  • Length: 7:41
Show
View Real Time Build Order
Export as new Build Order

zidar Zerg - Winner!

Build Orders: Pool First 

Get SALT Encoding   

  12  0:00  Unknown  
  12  0:02  Drone  
  13  0:12  Overlord  
  13  0:19  Drone  
  14  0:30  Drone x2  
  16  0:44  Spawning Pool  
  16  0:47  Drone  
  16  1:13  Hatchery  
  16  1:17  Drone  
  16  1:25  Drone  
  17  1:26  Extractor  
  17  1:27  Drone  
  17  1:42  Queen  
  17  1:44  Zergling x2  
  17  1:45  Zergling x2  
  20  1:57  Drone  
  21  2:16  Drone  
  21  2:17  Overlord  
  22  2:25  Queen  
  24  2:48  Drone x6  
  29  3:00  Overlord x2  
  29  3:10  Roach Warren  
  28  3:16  Overlord  
  28  3:18  Drone x3  
  31  3:31  Drone x2  
  33  3:41  Drone x7  
  33  3:45  Overlord  
  40  3:50  Metabolic Boost  
  40  4:05  Roach x4  
  48  4:12  Overlord x2  
  48  4:15  Roach  
  50  4:22  Extractor  
  49  4:36  Roach x8  
  65  4:49  Drone x3  
  68  5:00  Queen  
  68  5:03  Hatchery  
  69  5:12  Ravager x2  
  71  5:23  Ravager  
  72  5:29  Extractor, Drone x2  
  72  5:30  Drone  
  74  5:36  Drone  
  75  5:43  Overlord x4  
  75  6:01  Roach x8  
  91  6:04  Roach  
  91  6:05  Roach  
  95  6:24  Drone x7  
  102  6:46  Ravager  
  106  6:47  Ravager x3  
  106  6:50  Ravager  
Show
View Real Time Build Order
Export as new Build Order

DwarfHeretic Terran 

Build Orders:  

Get SALT Encoding   

  12  0:00  Unknown  
  12  0:01  SCV  
  13  0:16  Supply Depot  
  13  0:18  SCV  
  14  0:31  SCV  
  15  0:38  Barracks  
  15  0:43  SCV  
  16  0:53  Refinery  
  16  0:56  SCV  
  17  1:09  SCV  
  18  1:26  Marine  
  18  1:32  Command Center  
  19  1:39  Orbital Command  
  19  1:49  Barracks Reactor  
  19  2:13  Barracks  
  19  2:18  SCV  
  20  2:26  Marine x2  
  22  2:30  SCV  
  22  2:36  Factory  
  23  2:54  Marine x2  
  23  2:57  SCV  
  26  2:58  Orbital Command  
  27  3:12  Marine  
  28  3:15  Barracks Tech Lab  
  27  3:20  Barracks  
  27  3:22  Factory Reactor  
  27  3:31  Starport  
  27  3:33  SCV x2  
  29  3:36  Marine x3  
  32  3:59  Marine x2  
  32  4:01  Marine, SCV x2  
  37  4:11  Supply Depot  
  37  4:13  SCV, Supply Depot  
  37  4:14  Stimpack  
  38  4:17  Barracks Tech Lab  
  38  4:26  Marine x2, SCV  
  41  4:34  SCV  
  42  4:38  Marine  
  42  4:39  Marine  
  42  4:43  Marine  
  45  4:57  Refinery  
  45  5:00  SCV x2  
  45  5:02  Marine x2, Refinery  
  45  5:03  Marine  
  45  5:05  Combat Shield  
  50  5:17  SCV  
  50  5:18  SCV  
  50  5:20  Marine  
  50  5:21  Marine x3  
  54  5:23  Supply Depot  
  56  5:29  SCV  
  56  5:33  SCV  
  58  5:35  Medivac  
  58  5:38  Marine  
  58  5:39  Marine  
  62  5:44  Marine x2, Barracks, SCV  
  62  5:49  Supply Depot  
  65  5:51  Supply Depot  
  65  5:52  SCV  
  65  5:56  Marine  
  67  5:58  Medivac  
  69  6:08  Marine  
  69  6:10  Marine x2, Cyclone  
  75  6:12  SCV  
  75  6:13  SCV  
  75  6:14  Marine  
  78  6:26  Marine, Medivac  
  78  6:27  Command Center  
  78  6:28  Marine x2  
  78  6:31  Marine, SCV x2  
  86  6:36  Engineering Bay  
  86  6:44  Supply Depot  
  86  6:49  Supply Depot  
  86  6:51  Marine x2, SCV x2, Supply Depot  
  86  6:52  Marine x3  
  93  7:08  Marine  
Tags
 
League
GoldGold
Matchup
TvZ
Opening
Pool First
Spawn Locations
Cross Positions
Add a new tag
Caveats
  • Supply blocks, unpowered buildings, or Contaminate may cause inaccurate times.
  • Supply counts are checked every 10 seconds.